 Dungeon Crawl Stone Soup version 0.23-a0-629-gae4348f (webtiles) character file.

161 Leeroy the Slasher (level 5, -16/39 HPs)
             Began as a Barachi Skald on Dec 26, 2018.
             Demolished by an orc warrior
             ... wielding a +3 war axe
              (21 damage)
             ... on level 3 of the Dungeon.
             The game lasted 00:07:25 (2080 turns).

Leeroy the Slasher (Barachi Skald)                  Turns: 2080, Time: 00:07:27

Health: -16/39     AC:  5    Str: 12    XL:     5   Next: 42%
Magic:  8/8        EV: 11    Int: 15    God:
Gold:   153        SH:  0    Dex: 11    Spells: 1/8 levels left

rFire    . . .     SeeInvis .   a - +0 falchion
rCold    . . .     Gourm    .   (no shield)
rNeg     . . .     Faith    .   e - +0 ring mail
rPois    .         Spirit   .   (no helmet)
rElec    .         Reflect  .   (no cloak)
rCorr    .         Harm     +   (no gloves)
MR       .....                  (no boots)
Stlth    +.........             g - amulet of harm
HPRegen  0.13/turn              (no ring)
MPRegen  0.11/turn              (no ring)

@: slow
A: +LOS, swims, slowness 1, strong legs 1
a: Hop


You were on level 3 of the Dungeon.
You were not hungry.

You visited 1 branch of the dungeon, and saw 3 of its levels.

You collected 153 gold pieces.

Inventory:

Hand Weapons
 a - a +0 falchion (weapon)
 c - a +0 flail
 f - a +0 spear
 l - a +0 hunting sling
 r - a +0 dagger
 v - a +0 hunting sling
 A - a +0 hand axe of electrocution
Missiles
 i - 8 poisoned needles
 p - 42 stones (quivered)
 w - 38 sling bullets
Armour
 b - a +0 leather armour
 e - a +0 ring mail (worn)
 h - a +0 pair of gloves
 q - a +0 cloak
Jewellery
 g - an amulet of harm (around neck)
Scrolls
 k - a scroll of remove curse {unknown}
 m - a scroll of random uselessness {unknown}
 n - 2 scrolls of enchant armour {unknown}
 s - a scroll of immolation {unknown}
 u - a scroll of noise {unknown}
 y - a scroll of teleportation {unknown}
Potions
 j - 2 potions of curing {unknown}
 o - a potion of berserk rage {unknown}
 t - 3 potions of degeneration {unknown}
 x - a potion of lignification {unknown}
Comestibles
 d - 6 rations
 z - 9 chunks of flesh


   Skills:
 - Level 2.4 Fighting
 + Level 6.4 Long Blades
 + Level 1.8 Armour
 - Level 2.1 Dodging
 - Level 2.1 Spellcasting
 + Level 3.2 Charms


You had one spell level left.
You knew the following spells:

 Your Spells              Type           Power        Failure   Level  Hunger
a - Infusion              Chrm           ##..         12%         1    #......
b - Regeneration          Chrm/Necr      #.........   58%         3    ###....
c - Spectral Weapon       Hex/Chrm       #.......     58%         3    ###....

Your spell library contained the following spells:

 Spells                   Type           Power        Failure   Level  Hunger
 Song of Slaying          Chrm           ##......     19%         2    ###....
 Shroud of Golubria       Chrm/Tloc      #.........   36%         2    ###....


Dungeon Overview and Level Annotations

Branches:
Dungeon (3/15)

Altars:


Innate Abilities, Weirdness & Mutations

Shadows flee at your approach. (+LOS)
You can swim through water.
You cover ground slowly.
You can hop short distances.


Message History

You kill the orc!
The orc closely misses you.
You riposte.
You completely miss the orc.
You see here a +0 hand axe of electrocution.
You hit the orc.
The orc is moderately wounded.
The orc closely misses you.
You barely miss the orc.
The orc is moderately wounded.
The orc misses you.
A - a +0 hand axe of electrocution You closely miss the orc warrior.
You barely miss the orc warrior.
The orc warrior hits you with a +3 war axe!!
Ouch! That really hurt!
* * * LOW HITPOINT WARNING * * *
You hit the orc warrior.
The orc warrior is lightly wounded.
The orc warrior hits you with a +3 war axe!!
Ouch! That really hurt!
You die...

### ..# #.# #.# #.#
#.# #o# ##### #o# #
....#
#.#####@#####.#
###.#
#.............##
#.#
#######.........
###.##
#......†.....#.
.....#
#.##########.#
###..######.#######
# #...............#
##..######.#####.#
..#..######.##


You could see an orc warrior and an orc.

Vanquished Creatures
  Robin (D:3)
  A gnoll (D:2)
  5 adders
  2 oozes (D:2)
  A worm (D:3)
  3 dart slugs (D:2)
  2 leopard geckos (D:1)
  An orc (D:3)
  11 bats
  4 giant cockroaches
  14 hobgoblins
  6 kobolds
  A quokka (D:3)
  A ball python (D:2)
  5 frilled lizards
  12 goblins
  3 rats
  2 plants (D:2)
75 creatures vanquished.

Notes
Turn   | Place    | Note
-------+----------+-------------------------------------------
     0 | D:1      | Leeroy the Barachi Skald began the quest for the Orb.
     0 | D:1      | Reached XP level 1. HP: 17/17 MP: 3/3
   112 | D:1      | Reached skill level 3 in Long Blades
   169 | D:1      | Reached XP level 2. HP: 23/23 MP: 5/5
   359 | D:1      | Reached skill level 4 in Long Blades
   411 | D:1      | Reached XP level 3. HP: 20/28 MP: 6/6
   421 | D:1      | Learned a level 3 spell: Regeneration
   924 | D:2      | Reached skill level 5 in Long Blades
   935 | D:2      | Reached XP level 4. HP: 30/34 MP: 5/7
  1231 | D:2      | Reached skill level 6 in Long Blades
  1231 | D:2      | Reached XP level 5. HP: 19/39 MP: 8/8
  1974 | D:3      | Learned a level 3 spell: Spectral Weapon
  1994 | D:3      | Noticed Robin
  1998 | D:3      | Killed Robin
  2069 | D:3      | Noticed an orc warrior
  2080 | D:3      | Demolished by an orc warrior

Vault maps used:
D:1:      grunt_arrival_lava_bath
D:2:      serial_bayou, serial_bayou_pond_c, serial_bayou_crossing,
          serial_bayou_pond_a, serial_bayou_pond_a, serial_bayou_pond_b,
          first_ration, minmay_fractal_squares_5
D:3:      lemuel_crystal_altar, kiku_gazebo_garden_becter, uniq_robin

Skill      XL: |  1  2  3  4 |
---------------+-------------+-----
Long Blades    | 3 4 5 6 |  6.4
Fighting       | |  2.4
Armour         | |  1.8
Dodging        | |  2.1
Spellcasting   | |  2.1
Charms         | |  3.2

Action                   |  1- 3 |  4- 6 || total
-------------------------+-------+-------++-------
Melee: Falchion          |   124 |   186 ||   310
Throw: Stone             |       |     5 ||     5
 Cast: Infusion          |     1 |     2 ||     3
 Abil: Hop               |     1 |       ||     1
  Use: Scroll            |     1 |       ||     1
       Potion            |     1 |       ||     1
  Eat: Chunk             |     1 |     4 ||     5
Armor: Leather armour    |     7 |       ||     7
       Ring mail         |    73 |    50 ||   123
Dodge: Dodged            |   127 |   105 ||   232
       Rpst.: Falchion   |    40 |    51 ||    91

Table legend:
 A = Non-vault XP
 B = Vault XP
 C = Vault XP percentage of total XP
 D = Non-vault monster count
 E = Vault monster count
 F = Vault count percentage of total count
                 A         B        C        D         E       F
            +---------+---------+-------+---------+---------+-------
      Total |     158 |      73 |  31.6 |      54 |      19 |  26.0
            +---------+---------+-------+---------+---------+-------
        D:1 |      48 |       0 |   0.0 |      28 |       0 |   0.0
        D:2 |      82 |      47 |  36.4 |      19 |      12 |  38.7
        D:3 |      28 |      26 |  48.1 |       7 |       7 |  50.0
            +---------+---------+-------+---------+---------+-------
